 Dungeon Crawl Stone Soup version 0.30-a0-223-gcb0039aa0c (webtiles) character file.

Game seed: 13752795285600592838

128 qw the Chopper (level 5, -2/32 HPs)
             Began as a Gargoyle Fighter on Oct 9, 2022.
             Slain by a gnoll
             ... wielding a +0 spear
              (3 damage)
             ... on level 3 of the Dungeon.
             The game lasted 00:00:48 (1423 turns).

qw the Chopper (Gargoyle Fighter)                   Turns: 1423, Time: 00:00:49

Health: -2/32      AC: 10    Str: 21    XL:     5   Next: 12%
Magic:  5/5        EV:  9    Int:  9    God:
Gold:   173        SH:  4    Dex:  9    Spells: 4/4 levels left

rFire   . . .      SeeInvis .    n - +1 war axe (vamp)
rCold   . . .      Faith    .    c - +0 buckler
rNeg    + . .      Spirit   .    b - +0 scale mail
rPois   inf        Reflect  .    (no helmet)
rElec   +          Harm     .    (no cloak)
rCorr   .          Rampage  .    (no gloves)
Will    .....                    (no boots)
Stlth   ..........               (no amulet)
HPRegen 0.25/turn                (no ring)
MPRegen 0.09/turn                (no ring)

@: about to teleport
A: sickness immunity, AC +4, negative energy resistance 1, electricity
resistance, torment resistance 1, petrification resistance
a: no special abilities


You were on level 3 of the Dungeon.
You visited 1 branch of the dungeon, and saw 3 of its levels.

You collected 173 gold pieces.


Innate Abilities, Weirdness & Mutations

You are immune to sickness and miasma.
Your stone body is resilient. (AC +4)
You are immune to poison.
You resist negative energy. (rN+)
You are resistant to electric shocks. (rElec)
You are resistant to unholy torment.
You are immune to petrification.


   Skills:
 - Level 3.2 Fighting
 + Level 4.7 Axes
 - Level 3.2 Armour
 - Level 3.2 Shields


You had 4 spell levels left.
You didn't know any spells.
Your spell library was empty.

Inventory:

Hand Weapons
 h - a +0 flail
 n - a +1 vampiric war axe (weapon)
Armour
 b - a +0 scale mail (worn)
 c - a +0 buckler (worn)
Scrolls
 k - a scroll of teleportation
 p - a scroll of identify
Potions
 a - 3 potions of haste
 d - 2 potions of might
 e - a potion of degeneration {unknown}
 f - a potion of mutation {unknown}
 g - a potion of heal wounds {unknown}
 j - a potion of brilliance {unknown}
 l - a potion of ambrosia {unknown}
 m - a potion of cancellation {unknown}
 o - a potion of lignification {unknown}

Dungeon Overview and Level Annotations

Branches:
Dungeon (3/15)

Altars:

Annotations:
D:3 3 runed translucent doors


Message History

The jackal bites you but does no damage. x3
You closely miss the jackal.
The jackal is heavily wounded.
You hit the jackal.
You kill the jackal!
The jackal bites you but does no damage.
You block the jackal's attack.
You slash the jackal!
You kill the jackal!
You barely miss the gnoll.
A gnoll comes into view. It is wielding a +0 spear.
You block the gnoll's attack. The gnoll hits you but does no damage.
You closely miss the gnoll.
The gnoll hits you from afar with a +0 spear.
You slash the gnoll!
You feel better.
The gnoll is severely wounded.
A gnoll comes into view. It is wielding a +2 spear of flaming.
The gnoll completely misses you. The gnoll hits you with a +0 flail.
You barely miss the gnoll.
The gnoll is severely wounded.
The gnoll shouts!
The gnoll hits you from afar with a +2 spear of flaming.
The gnoll burns you.
The gnoll hits you from afar with a +0 spear.
The gnoll misses you.
You slash the gnoll!
You feel better.
You kill the gnoll!
The gnoll hits you from afar with a +2 spear of flaming.
The gnoll burns you. The gnoll closely misses you.
You block the gnoll's attack.
The gnoll hits you from afar with a +2 spear of flaming!
The gnoll burns you.
The gnoll hits you with a +2 spear of flaming!
The gnoll burns you. The gnoll hits you with a +0 spear.
1422 ||| READING 2 scrolls of teleportation.
As you read the scroll of teleportation, it crumbles to dust.
You feel strangely unstable. You block the gnoll's attack.
The gnoll hits you with a +0 spear.
You closely miss the gnoll. You barely miss the gnoll.
The gnoll hits you but does no damage. The gnoll hits you with a +0 spear.
You die...

#...#?)$#..
#.#...#[$)#..#
#.#...#?)$#..#
#.#...#####..##
..#............
###.#..........##
?..#>...#.......
..#
#g#)...............
#g@......##### ....
######...######..#
###........# .
#.##^##..#..
###.....##..
#.....#..#
#.#...#..#
#.#...#..#
#.##%.##..


You could see 2 gnolls.

Vanquished Creatures
  A hound (D:3)
  Jessica (D:2)
  A gnoll (D:3)
  2 adders
  An orc (D:3)
  5 ball pythons (D:2)
  3 endoplasms
  4 giant cockroaches
  8 goblins
  4 hobgoblins
  3 jackals (D:3)
  2 quokkas
  2 bats (D:1)
  A frilled lizard (D:2)
  3 kobolds (D:2)
41 creatures vanquished.

Notes
Turn   | Place    | Note
-------+----------+-------------------------------------------
     0 | D:1      | qw the Gargoyle Fighter began the quest for the Orb.
     0 | D:1      | Reached XP level 1. HP: 14/14 MP: 1/1
     0 | D:1      | 0 ||| qw: Version: 0.2-a-17-g06abaee
     0 | D:1      | 0 ||| qw: Game counter: 2077
     0 | D:1      | 0 ||| qw: Always use a shield: true
     0 | D:1      | 0 ||| qw: God list: Okawaru
     0 | D:1      | 0 ||| qw: Allow faded altars: false
     0 | D:1      | 0 ||| qw: Do Orc after D:15 true
     0 | D:1      | 0 ||| qw: Do second Lair branch before Depths: true
     0 | D:1      | 0 ||| qw: Lair rune preference: random
     0 | D:1      | 0 ||| qw: Plans: Normal, Zot:1-4, God:TSO, Crypt, Tomb,
                  | Pan, Slime:5, Hells, Abyss, Orb
     0 | D:1      | 0 ||| PLANNING D:1-11
    41 | D:1      | Reached skill level 2 in Axes
    90 | D:1      | Reached XP level 2. HP: 16/19 MP: 2/2
   548 | D:1      | 548 ||| DROPPING scarf of harm.
   549 | D:1      | 549 ||| DROPPING orb of wrath.
   550 | D:1      | 550 ||| READING scroll labelled VIN ROYLUERPHY.
   551 | D:1      | 551 ||| READING 3 scrolls labelled VUTIUTHRIRIN.
   552 | D:1      | 552 ||| READING scroll labelled FADEAZ SAACIAXAUK.
   553 | D:1      | 553 ||| READING scroll labelled ZIAMUE TAHIADU.
   554 | D:1      | 554 ||| DROPPING 2 scrolls of blinking.
   581 | D:2      | Reached skill level 3 in Axes
   581 | D:2      | 581 ||| STAIRDANCE
   601 | D:2      | 601 ||| Stepping ~*~*~tactically~*~*~ (stealth).
   602 | D:2      | 602 ||| Stepping ~*~*~tactically~*~*~ (stealth).
   611 | D:2      | Reached XP level 3. HP: 23/23 MP: 3/3
   620 | D:2      | 620 ||| Stepping ~*~*~tactically~*~*~ (stealth).
   713 | D:2      | 713 ||| DROPPING +0 club.
   727 | D:2      | 727 ||| DROPPING +0 mace.
   742 | D:2      | Found a faded altar of an unknown god.
   811 | D:2      | Noticed Jessica
   819 | D:2      | HP: 2/23 [Jessica/nerve-wracking pain (4)]
   820 | D:2      | Killed Jessica
   821 | D:2      | Reached XP level 4. HP: 3/28 MP: 4/4
  1200 | D:2      | Reached skill level 4 in Axes
  1275 | D:2      | 1275 ||| READING 3 scrolls labelled FEDUQE MOEB.
  1279 | D:2      | 1279 ||| READING scroll labelled WYGGOTA SOKHLORCH.
  1280 | D:2      | 1280 ||| DRINKING 4 cyan potions.
  1319 | D:3      | 1319 ||| Stepping ~*~*~tactically~*~*~ (stealth).
  1333 | D:3      | Found a runed translucent gate.
  1333 | D:3      | Found a runed translucent gate.
  1333 | D:3      | Found a runed translucent gate.
  1340 | D:3      | 1340 ||| DROPPING +0 whip of freezing.
  1413 | D:3      | Reached XP level 5. HP: 32/32 MP: 5/5
  1421 | D:3      | HP: 7/32 [gnoll/+2 spear of flaming (7)]
  1421 | D:3      | HP: 1/32 [gnoll/+0 spear (3)]
  1422 | D:3      | 1422 ||| READING 2 scrolls of teleportation.
  1423 | D:3      | Slain by a gnoll

Levels and vault maps discovered:
D:1:      onia_arrival_pyramid, layout_basic
D:2:      layout_rooms, basic_ecumenical_altar, uniq_jessica
D:3:      layout_basic, gammafunk_ghost_icy, serial_curves, eino_curves_03,
          eino_curves_03, due_unseen_surprise

Skill      XL: |  1  2  3  4 |
---------------+-------------+-----
Axes           | 2 3 4 |  4.7
Fighting       | |  3.2
Armour         | |  3.2
Shields        | |  3.2

Action                   |  1- 3 |  4- 6 || total
-------------------------+-------+-------++-------
Melee: War axe           |    97 |    67 ||   164
  Use: Scroll            |     4 |     3 ||     7
       Potion            |       |     1 ||     1
Armor: Scale mail        |    62 |    36 ||    98
Dodge: Dodged            |    52 |    34 ||    86
Block: Buckler           |    23 |    12 ||    35

Table legend:
 A = Non-vault XP
 B = Vault XP
 C = Vault XP percentage of total XP
 D = Non-vault monster count
 E = Vault monster count
 F = Vault count percentage of total count
                 A         B        C        D         E       F
            +---------+---------+-------+---------+---------+-------
      Total |     147 |      37 |  20.1 |      40 |       1 |   2.4
            +---------+---------+-------+---------+---------+-------
        D:1 |      18 |       0 |   0.0 |      11 |       0 |   0.0
        D:2 |      44 |      37 |  45.7 |      20 |       1 |   4.8
        D:3 |      85 |       0 |   0.0 |       9 |       0 |   0.0
            +---------+---------+-------+---------+---------+-------
